 Dungeon Sprint DCSS version 0.30-a0-297-g0ec75d9ef4 (webtiles) character file.

Game seed: 17911471784889385527

3591 Iusername the Severer (level 9, -3/139 HPs)
             Began as a Minotaur Fighter on Oct 18, 2022.
             Was an Elder of Trog.
             Slain by a 13-headed hydra (4 damage)
             ... in the Dungeon (Sprint IX: "|||||||||||||||||||||||||||||").
             The game lasted 00:03:33 (823 turns).

Iusername the Severer (Minotaur Fighter)             Turns: 823, Time: 00:03:33

Health: -3/139     AC: 19    Str: 24    XL:     9   Next: 85%
Magic:  8/8        EV: 13    Int:  5    God:    Trog [****..]
Gold:   13         SH:  8    Dex: 22    Spells: 8/8 levels left

rFire   . . .      SeeInvis .    m - +3 war axe (elec)
rCold   + . .      Faith    .    c - +0 buckler
rNeg    . . .      Spirit   .    p - +1 chain mail
rPois   .          Reflect  .    (helmet restricted)
rElec   .          Harm     .    o - +0 cloak
rCorr   .          Rampage  .    (no gloves)
Will    +++..      NoTele   +    n - +0 pair of boots
Stlth   .......... NoCast   +    d - amulet "Reasakle" {-Cast *Corrode rC+ Regen+ Dex+8}
HPRegen 2.23/turn                q - +3 ring of dexterity
MPRegen 0.11/turn                r - +2 ring of evasion

@: berserking, strong-willed, regenerating, very quick
A: horns 2, retaliatory headbutt, iridescent scales 1, strong-willed 1
a: Renounce Religion, Berserk, Trog's Hand, Brothers in Arms


You were in the Dungeon.
You worshipped Trog.
Trog was greatly pleased with you.
You visited 1 branch You collected 13 gold pieces.

Inventory:

Hand Weapons
 a - a +0 war axe
 m - a +3 war axe of electrocution (weapon)
Armour
 c - a +0 buckler (worn)
 n - a +0 pair of boots (worn)
 o - a +0 cloak (worn)
 p - a +1 chain mail (worn)
Jewellery
 d - the amulet "Reasakle" (around neck) {-Cast *Corrode rC+ Regen+ Dex+8}
   (You found it in the Dungeon)

   [amulet of regeneration]

   Dex:       It affects your dexterity (+8).
   rC:        It protects you from cold.
   -Cast:     It prevents spellcasting.
   Regen:     It increases your rate of health regeneration.
   *Corrode:  It may corrode you when you take damage.
 q - a +3 ring of dexterity (left hand)
 r - a +2 ring of evasion (right hand)
Wands
 l - a wand of acid (10)
Scrolls
 g - a scroll of identify
 j - 5 scrolls of blinking
 s - 2 scrolls of enchant armour
Potions
 b - a potion of haste
 e - 6 potions of curing
 f - 6 potions of heal wounds
 h - 4 potions of magic
 i - a potion of berserk rage
 k - a potion of invisibility


   Skills:
 + Level 13.3 Fighting
 + Level 15.6 Axes
 + Level 14.2 Armour
 + Level 4.0 Dodging
 + Level 0.5 Stealth
 + Level 12.2 Shields


You had 8 spell levels left.
You didn't know any spells.
Your spell library was empty.

Dungeon Overview and Level Annotations

Branches:
Dungeon (1/1)

Altars:
Cheibriados
Dithmenos
Elyvilon
Fedhas
Gozag
Hepliaklqana
Kikubaaqudgha
Makhleb
Nemelex Xobeh
Okawaru
Qazlal
Ru
Sif Muna
Trog
Uskayaw
Vehumet
Wu Jian
Xom
Yredelemnul
Zin
The Shining One
Jiyva
Lugonu


Innate Abilities, Weirdness & Mutations

You have a pair of horns on your head.
You reflexively headbutt those who attack you in melee.
You are partially covered in iridescent scales. (AC +2)
You are strong-willed. (Will+)


Message History

The ten-headed hydra bites you but does no damage. x2
You block the ten-headed hydra's attack.
The ten-headed hydra barely misses you. x2
You block the ten-headed hydra's attack.
The ten-headed hydra bites you but does no damage.
You hack one of the ten-headed hydra's heads off!
The nine-headed hydra grows two more!
You slash the 11-headed hydra!
Your headbutt misses the 11-headed hydra.
The 11-headed hydra is heavily wounded.
Unknown command.
You slice one of the 11-headed hydra's heads off!
The ten-headed hydra grows two more!
You slash the 12-headed hydra! You headbutt the 12-headed hydra!
The 12-headed hydra is almost dead.
The 12-headed hydra bites you but does no damage.
The 12-headed hydra bites you!
* * * LOW HITPOINT WARNING * * *
The 12-headed hydra bites you but does no damage.
The 12-headed hydra barely misses you. x2; The 12-headed hydra misses you.
You block the 12-headed hydra's attack. The 12-headed hydra closely misses you.
The 12-headed hydra bites you but does no damage.
The 12-headed hydra misses you. The 12-headed hydra bites you.
* * * LOW HITPOINT WARNING * * *
The 12-headed hydra bites you.
* * * LOW HITPOINT WARNING * * *
You slice one of the 12-headed hydra's heads off!
The 11-headed hydra grows two more!
You slash the 13-headed hydra!
The 13-headed hydra is almost dead.
Unknown command.
You barely miss the 13-headed hydra.
The 13-headed hydra is almost dead.
The 13-headed hydra bites you!
* * * LOW HITPOINT WARNING * * *
The 13-headed hydra bites you!
* * * LOW HITPOINT WARNING * * *
You block the 13-headed hydra's attack. The 13-headed hydra bites you.
* * * LOW HITPOINT WARNING * * *
The 13-headed hydra barely misses you. The 13-headed hydra closely misses you.
You block the 13-headed hydra's attack. The 13-headed hydra bites you.
You die...

▓▓▓▓▓▓▓▓▓▓▓▓▓▓▓▓▓▓▓▓▓▓▓▓▓▓
F.FSYYlFD@....†††.......(.
▓▓▓▓▓▓▓▓▓▓▓▓▓▓▓▓▓▓▓▓▓▓▓▓▓▓▓▓▓▓▓▓▓
.................................
▓▓▓▓▓▓▓▓▓▓▓▓▓▓▓▓▓▓▓▓▓▓▓▓▓▓▓▓▓▓▓▓▓
)?.'________________________'....
▓▓▓▓▓▓▓▓▓▓▓▓▓▓▓▓▓▓▓▓▓▓▓▓▓▓▓▓▓▓▓▓▓


You could see a 13-headed hydra, an elephant, a komodo dragon, a yak, a cane
toad, a water moccasin and a bullfrog.

Vanquished Creatures
  A boulder beetle (D)
  An elephant (D)
  A cane toad (D)
  3 komodo dragons (D)
  A polar bear (D)
  2 wyverns (D)
  3 yaks (D)
  A basilisk (D)
  A vampire mosquito (D)
  An acid dragon (D)
  A scorpion (D)
  4 howler monkeys (D)
  2 hounds (D)
  An orc wizard (D)
  An adder (D)
  A dart slug (D)
  An orc (D)
  2 goblins (D)
  A hobgoblin (D)
  A frilled lizard (D)
30 creatures vanquished.

Vanquished Creatures (others)
  A deep elf pyromancer (D)
1 creature vanquished.

Grand Total: 31 creatures vanquished

Notes
Turn   | Place    | Note
-------+----------+-------------------------------------------
     0 | D        | Iusername the Minotaur Fighter began the quest for the Orb.
     0 | D        | Reached XP level 1. HP: 19/19 MP: 0/0
   130 | D        | Noticed a scorpion
   130 | D        | Noticed a hound
   130 | D        | Noticed a hound
   139 | D        | Killed a hound
   140 | D        | Reached skill level 5 in Fighting
   140 | D        | Reached skill level 3 in Axes
   140 | D        | Reached skill level 5 in Armour
   140 | D        | Reached skill level 5 in Shields
   140 | D        | Reached XP level 2. HP: 21/29 MP: 1/1
   140 | D        | Reached XP level 3. HP: 27/36 MP: 2/2
   143 | D        | Reached skill level 4 in Axes
   143 | D        | Reached XP level 4. HP: 34/44 MP: 3/3
   146 | D        | Killed a scorpion
   147 | D        | Reached skill level 5 in Axes
   147 | D        | Reached skill level 1 in Dodging
   148 | D        | Reached XP level 5. HP: 41/52 MP: 4/4
   289 | D        | Found a snail-covered altar of Cheibriados.
   289 | D        | Found a shadowy altar of Dithmenos.
   289 | D        | Found a white marble altar of Elyvilon.
   289 | D        | Found a blossoming altar of Fedhas.
   289 | D        | Found an opulent altar of Gozag.
   290 | D        | Found a hazy altar of Hepliaklqana.
   291 | D        | Found a viscous altar of Jiyva.
   292 | D        | Found an ancient bone altar of Kikubaaqudgha.
   293 | D        | Found a corrupted altar of Lugonu.
   294 | D        | Found a burning altar of Makhleb.
   295 | D        | Found a sparkling altar of Nemelex Xobeh.
   296 | D        | Found an iron altar of Okawaru.
   297 | D        | Found a stormy altar of Qazlal.
   298 | D        | Found a sacrificial altar of Ru.
   299 | D        | Found a shimmering blue altar of Sif Muna.
   300 | D        | Found a bloodstained altar of Trog.
   301 | D        | Found a hide-covered altar of Uskayaw.
   302 | D        | Found a radiant altar of Vehumet.
   303 | D        | Found an ornate altar of the Wu Jian Council.
   304 | D        | Found a shimmering altar of Xom.
   305 | D        | Found a basalt altar of Yredelemnul.
   306 | D        | Found a glowing silver altar of Zin.
   307 | D        | Found a glowing golden altar of the Shining One.
   308 | D        | Became a worshipper of Trog the Wrathful
   364 | D        | Noticed a wyvern
   364 | D        | Noticed a yak
   368 | D        | Reached skill level 6 in Axes
   374 | D        | Reached * piety under Trog
   375 | D        | Reached skill level 7 in Axes
   376 | D        | Killed a yak
   377 | D        | Reached skill level 8 in Axes
   377 | D        | Reached XP level 6. HP: 42/64 MP: 5/5
   380 | D        | Killed a wyvern
   381 | D        | Reached skill level 9 in Axes
   381 | D        | Reached XP level 7. HP: 44/71 MP: 6/6
   385 | D        | Reached ** piety under Trog
   386 | D        | Reached skill level 10 in Fighting
   386 | D        | Reached skill level 10 in Armour
   572 | D        | Noticed a deep elf pyromancer
   572 | D        | Noticed a vampire mosquito
   572 | D        | Noticed a basilisk
   572 | D        | Noticed a boulder beetle
   576 | D        | Noticed a fire elemental
   586 | D        | Killed a basilisk
   587 | D        | Reached skill level 10 in Axes
   587 | D        | Reached skill level 10 in Shields
   589 | D        | Killed a deep elf pyromancer
   595 | D        | Killed a boulder beetle
   596 | D        | Reached skill level 11 in Axes
   596 | D        | Reached XP level 8. HP: 59/82 MP: 7/7
   599 | D        | Reached *** piety under Trog
   604 | D        | Reached skill level 12 in Axes
   711 | D        | Got the amulet "Reasakle" {-Cast *Corrode rC+ Regen+ Dex+8}
   734 | D        | Gained mutation: You are partially covered in iridescent
                  | scales. (AC +2) [potion of mutation]
   734 | D        | Gained mutation: You are strong-willed. (Will+) [potion of
                  | mutation]
   749 | D        | Noticed a komodo dragon
   749 | D        | Noticed an elephant
   749 | D        | Noticed a komodo dragon
   749 | D        | Noticed a cane toad
   756 | D        | Noticed a komodo dragon
   759 | D        | Noticed a polar bear
   761 | D        | Killed a cane toad
   762 | D        | Reached skill level 13 in Axes
   762 | D        | Reached XP level 9. HP: 90/90 MP: 8/8
   765 | D        | Killed a komodo dragon
   770 | D        | Killed an elephant
   770 | D        | Reached **** piety under Trog
   771 | D        | Reached skill level 14 in Axes
   778 | D        | Killed a komodo dragon
   782 | D        | Killed a komodo dragon
   783 | D        | Reached skill level 15 in Axes
   786 | D        | Killed a polar bear
   792 | D        | Reached ***** piety under Trog
   809 | D        | Noticed an elephant
   809 | D        | Noticed a komodo dragon
   809 | D        | Noticed an eight-headed hydra
   811 | D        | Noticed a cane toad
   823 | D        | HP: 6/139 [13-headed hydra (13)]
   823 | D        | HP: 1/139 [13-headed hydra (5)]
   823 | D        | Slain by a 13-headed hydra

Illustrated notes

Levels and vault maps discovered:
D:        linesprint [early_d, line_temple, items_1, d_10, items_2, lair_1,
          lair_end, items_3, orc_1, orc_end, items_4, d_15, swamp_1, shoals_1,
          snake_1, spider_1, d_20, vaults_1, items_5, swamp_end, shoals_end,
          snake_end, spider_end, vaults_end, d_27, items_6, zot_1, zot_end,
          crypt_end, forest_end, elf_end, slime_end, tomb_end, abyss_end,
          pan_hell_end]

Skill      XL: |  1  2  3  4  5  6  7  8  9 |
---------------+----------------------------+-----
Fighting       | 5 6 7 9 11 12 13 | 13.3
Armour         | 5 7 9 11 12 14 | 14.2
Shields        | 5 6 7 9 11 12 | 12.2
Axes           | 3 4 5 8 9 11 13 15 | 15.6
Dodging        | 1 2 3 4 |  4.0
Stealth        | |  0.5

Action                   |  1- 3 |  4- 6 |  7- 9 || total
-------------------------+-------+-------+-------++-------
Melee: War axe           |    26 |    21 |    65 ||   112
       Headbutt          |     4 |     8 |    18 ||    30
Invok: Berserk           |       |       |     3 ||     3
       Trog's Hand       |       |       |     3 ||     3
       Brothers in Arms  |       |       |     1 ||     1
  Use: Potion            |       |       |     4 ||     4
       Scroll            |       |       |     1 ||     1
Armor: Scale mail        |     8 |     1 |       ||     9
       Chain mail        |       |     3 |    38 ||    41
Dodge: Dodged            |    16 |     7 |    40 ||    63
Block: Buckler           |     7 |     5 |    30 ||    42

Table legend: (Time is in decaauts)
 A = Elapsed time spent in this place.
 B = Non-inter-level travel time spent in this place.
 C = Inter-level travel time spent in this place.
 D = Time resting spent in this place.
 E = Time spent auto-exploring this place.
 F = Levels seen in this place.
 G = Mean time per level.
                   A        B        C        D        E       F      G
               +--------+--------+--------+--------+--------+-----+--------+
         Total |    827 |    827 |      0 |    430 |      0 |   1 |  827.0 |
       Dungeon |    827 |    827 |      0 |    430 |      0 |   1 |  827.0 |
               +--------+--------+--------+--------+--------+-----+--------+

Top non-repeatable levels by time:
       D: 827 daAuts
